 Dungeon Crawl Stone Soup version 0.32-a0-86-g8db1b9f803 (webtiles) character file.

Game seed: 7442681673693151555

177 Sobieck the Ruffian (level 5, -2/48 HPs)
             Began as a Troll Warper on Feb 5, 2024.
             Killed from afar by an orc wizard (5 damage)
             ... with a magic dart
             ... on level 2 of the Dungeon.
             The game lasted 00:02:56 (1533 turns).

Sobieck the Ruffian (Troll Warper)                  Turns: 1533, Time: 00:02:57

Health: -2/48      AC:  4    Str: 21    XL:     5   Next: 31%
Magic:  5/5        EV:  6    Int:  9    God:
Gold:   56         SH: 11    Dex:  9    Spells: 6/6 levels left

rFire   . .          .
                       - Unarmed
rCold   . . .        k - +2 tower shield
rNeg    . . .        a - +0 robe
rPois   .            (helmet restricted)
rElec   .            (no cloak)
rCorr   .            (gloves unavailable)
SInv    .            (boots unavailable)
Will    .....        (no amulet)
Stlth   +            (no ring)
HPRegen 1.08/turn    (no ring)
MPRegen 0.09/turn

%: no passive effects
@: mighty
A: large, unfitting armour, claws 3, regeneration 1, shaggy fur 1, tough skin 1
a: no special abilities


You were on level 2 of the Dungeon.
You visited 1 branch of the dungeon, and saw 3 of its levels.

You collected 56 gold pieces.

Inventory:

Missiles
 c - 7 darts of dispersal (quivered)
 d - 24 stones
 f - 6 curare-tipped darts
 m - 2 silver javelins
 n - 7 boomerangs
Armour
 a - a +0 robe (worn)
 k - a +2 tower shield (worn)
Jewellery
 j - a ring of willpower
Scrolls
 b - a scroll of blinking
 e - a scroll of enchant weapon {unknown}
 h - 4 scrolls of identify {unknown}
 l - 2 scrolls of teleportation {unknown}
 p - a scroll of amnesia {unknown}
Potions
 o - a potion of attraction {unknown}
 q - a potion of lignification {unknown}
 r - a potion of berserk rage {unknown}


   Skills:
 - Level 1.5 Fighting
 - Level 0.8 Throwing
 - Level 1.9 Dodging
 + Level 5.6 Unarmed Combat
 - Level 1.2 Spellcasting
 - Level 2.1 Translocations


You had 6 spell levels left.
You didn't know any spells.
Your spell library contained the following spells:

 Spells                   Type           Power      Damage    Failure   Level
 Blink                    Tloc           8%         N/A       90%         2
 Lesser Beckoning         Tloc           8%         N/A       90%         2
 Teleport Other           Tloc           4%         N/A       99%         3
 Tukima's Dance           Hex            0%         N/A       100%        3
 Dimensional Bullseye     Hex/Tloc       1%         N/A       100%        4
 Iskenderun's Mystic Bla  Conj/Tloc      2%         2d3       100%        4
 Manifold Assault         Tloc           4%         N/A       100%        4
 Vhi's Electric Charge    Tloc/Air       4%         N/A       100%        4


Dungeon Overview and Level Annotations

Branches:
Dungeon (3/15)

Altars:


Innate Abilities, Weirdness & Mutations

You are too large for most types of armour.
You have claws for hands.
Your natural rate of healing is unusually fast.
You are covered in fur. (AC +1)
You have tough skin. (AC +1)


Message History

You bump into the rock wall.
The orc wizard hits you but does no damage.
Something hits you but does no damage.
It was a potion of might.
You feel very mighty all of a sudden. The orc wizard barely misses you.
You hear some strange, mumbled words.
Something tries to affect you, but you resist.
You barely miss the orc wizard.
The orc wizard is lightly wounded.
The orc wizard hits you with a +0 dagger.
* * * LOW HITPOINT WARNING * * *
Something hits you but does no damage.
You bump into the rock wall.
The orc wizard hits you with a +0 dagger.
* * * LOW HITPOINT WARNING * * *
Something hits you.
* * * LOW HITPOINT WARNING * * *
You barely miss the orc wizard.
The orc wizard is lightly wounded.
You feel less confused. You block the orc wizard's attack. Something hits you.
* * * LOW HITPOINT WARNING * * *
The orc wizard hits you with a +0 dagger.
* * * LOW HITPOINT WARNING * * *
You hear some strange, mumbled words.
A magic dart appears from out of thin air!
The magic dart hits you.
* * * LOW HITPOINT WARNING * * *
You claw the orc wizard!
The orc wizard is heavily wounded.
You block the orc wizard's attack. Something hits you but does no damage.
You mangle the orc wizard!!
You kill the orc wizard!
Something hits you.
* * * LOW HITPOINT WARNING * * *
Unknown command.
You completely miss something.
You hear some strange, mumbled words.
A puff of flame appears from out of thin air!
The puff of flame misses you.
You claw something!
You hear some strange, mumbled words.
A puff of flame appears from out of thin air!
The puff of flame hits you!
* * * LOW HITPOINT WARNING * * *
You hear some strange, mumbled words.
A magic dart appears from out of thin air!
The magic dart hits you.
You die...

## .# .# .# .# .# .#
######### .# #####
#...{@$.#
.#####...###.#####.#
...............###.#
................##.#
############.#..##.#
#)#..##.# ###
#>).....# ..#
###).#### #.# #..#


There were no monsters in sight!

Vanquished Creatures
  A scorpion (D:2)
  An orc wizard (D:2)
  2 gnolls (D:2)
  An adder (D:2)
  3 dart slugs
  A ribbon worm (D:2)
  3 orcs (D:2)
  4 endoplasms (D:2)
  3 giant cockroaches
  4 hobgoblins
  2 jackals (D:1)
  9 kobolds
  6 ball pythons
  4 bats
  3 frilled lizards (D:1)
  6 goblins
  6 rats
59 creatures vanquished.

Notes
Turn   | Place    | Note
-------+----------+-------------------------------------------
     0 | D:1      | Sobieck the Troll Warper began the quest for the Orb.
     0 | D:1      | Reached XP level 1. HP: 19/19 MP: 1/1
   190 | D:1      | Reached XP level 2. HP: 27/27 MP: 2/2
   225 | D:1      | Reached skill level 3 in Unarmed Combat
   659 | D:2      | Reached XP level 3. HP: 32/33 MP: 3/3
   875 | D:2      | Reached skill level 4 in Unarmed Combat
   960 | D:2      | Noticed a scorpion
   965 | D:2      | Killed a scorpion
   966 | D:2      | Reached XP level 4. HP: 24/41 MP: 4/4
  1003 | D:2      | Reached skill level 5 in Unarmed Combat
  1435 | D:2      | Reached XP level 5. HP: 48/48 MP: 5/5
  1533 | D:2      | Killed from afar by an orc wizard

Illustrated notes

Levels and vault maps discovered:
D:1:      mainiacjoe_arrival_oval_in_oval, layout_basic
D:2:      layout_loops_ring
D:3:      layout_basic, chequers_serial_rivers_micro_d, feat_on_display

Skill      XL: |  1  2  3  4 |
---------------+-------------+-----
Unarmed Combat | 3 4 5 |  5.6
Fighting       | |  1.5
Throwing       | |  0.8
Dodging        | |  1.9
Spellcasting   | |  1.2
Translocations | |  2.1

Action                     |  1- 3 |  4- 6 || total
---------------------------+-------+-------++-------
  Melee: Unarmed           |    95 |    52 ||   147
         Punch             |     2 |       ||     2
    Use: Potion            |       |     2 ||     2
   Stab: Distracted        |     1 |       ||     1
         Sleeping          |     1 |       ||     1
 Armour: Robe              |    52 |    64 ||   116
  Dodge: Dodged            |    32 |     9 ||    41
  Block: Tower shield      |    16 |    24 ||    40

Table legend: (Time is in decaauts)
 A = Elapsed time spent in this place.
 B = Non-inter-level travel time spent in this place.
 C = Inter-level travel time spent in this place.
 D = Time resting spent in this place.
 E = Time spent auto-exploring this place.
 F = Levels seen in this place.
 G = Mean time per level.
                   A        B        C        D        E       F      G
               +--------+--------+--------+--------+--------+-----+--------+
         Total |   1556 |   1496 |     60 |     22 |   1086 |   3 |  518.7 |
       Dungeon |   1556 |   1496 |     60 |     22 |   1086 |   3 |  518.7 |
               +--------+--------+--------+--------+--------+-----+--------+

Top non-repeatable levels by time:
     D:2: 866 daAuts
     D:1: 633 daAuts
     D:3: 57 daAuts
